 Dungeon Crawl Stone Soup version 0.31-a0-859-g9dce7d3444 (webtiles) character file.

Game seed: 17420257176906447508

287 Azuregosa the Stinger (level 6, -2/41 HPs)
             Began as a Formicid Venom Mage on Oct 9, 2023.
             Was a High Priest of Ignis.
             Slain by a phantom (6 damage)
             ... on level 4 of the Dungeon.
             The game lasted 00:21:08 (3579 turns).

Azuregosa the Stinger (Formicid Venom Mage)         Turns: 3579, Time: 00:21:09

Health: -2/41      AC:  3    Str: 13    XL:     6   Next: 56%
Magic:  1/13       EV: 12    Int: 16    God:    Ignis [*****.]
Gold:   24         SH:  0    Dex: 14    Spells: 4/14 levels left

rFire   + . .        o - +0 rapier
rCold   . . .        (no shield)
rNeg    . . .        a - +0 robe
rPois   .            (helmet unavailable)
rElec   .            u - +0 cloak
rCorr   .            (no gloves)
SInv    +            (no boots)
Will    .....        (no amulet)
Stlth   ++           (no ring)
HPRegen 0.26/turn    (no ring)
MPRegen 0.13/turn

%: no passive effects
@: very slightly contaminated
A: permanent stasis, dig shafts and tunnels, antennae 3, four strong arms
a: Dig, Shaft Self, Renounce Religion, Fiery Armour, Foxfire Swarm


You were on level 4 of the Dungeon.
You worshipped Ignis.
Ignis was extremely pleased with you.
You visited 1 branch of the dungeon, and saw 5 of its levels.

You collected 254 gold pieces.
You spent 230 gold pieces at shops.

Inventory:

Hand Weapons
 o - a +0 rapier (weapon)
 t - a +1 antimagic flail
 v - a +3 dagger
 z - a +0 whip of venom
Armour
 a - a +0 robe (worn)
 j - an orb of wrath
 u - a +0 cloak (worn)
Talismans
 h - a beast talisman
Wands
 i - a wand of charming (7)
 A - a wand of polymorph (9)
 C - a wand of roots (2)
Scrolls
 c - a scroll of fog {unknown}
 e - 3 scrolls of enchant weapon {unknown}
 f - a scroll of vulnerability {unknown}
 k - 2 scrolls of teleportation {unknown}
 m - 2 scrolls of blinking {unknown}
 n - a scroll of immolation
 p - 3 scrolls of poison
 q - 2 scrolls of fear
 x - a scroll of brand weapon
 y - a scroll of revelation
Potions
 b - a potion of magic
 d - a potion of ambrosia {unknown}
 g - a potion of resistance {unknown}
 r - 2 potions of heal wounds {unknown}
 w - a potion of berserk rage
 B - a potion of cancellation


   Skills:
 - Level 1.7 Dodging
 - Level 2.4 Stealth
 + Level 4.8 Spellcasting
 - Level 1.1 Transmutations
 + Level 7.0 Poison Magic


You had 4 spell levels left.
You knew the following spells:

 Your Spells              Type           Power      Damage    Failure   Level
a - Sting                 Tmut/Pois      64%        1d6       3%          1
b - Poisonous Vapours     Pois/Air       30%        N/A       5%          2
c - Mephitic Cloud        Conj/Pois/Air  11%        N/A       19%         3
d - Olgreb's Toxic Radia  Pois           26%        N/A       9%          4

Your spell library contained the following spells:

 Spells                   Type           Power      Damage    Failure   Level
 Scorch                   Fire           6%         2d5       24%         2
 Ozocubu's Armour         Ice            3%         N/A       43%         3
 Flame Wave               Conj/Fire      3%         2d5       83%         4
 Summon Cactus Giant      Summ           1%         N/A       100%        6
 Ozocubu's Refrigeration  Ice            1%         4d7       100%        7


Dungeon Overview and Level Annotations

Branches:
Dungeon (5/15)
 Temple: D:4-7

Altars:
Uskayaw
Wu Jian
Ignis

Shops:
D:1 (   D:4 *


Innate Abilities, Weirdness & Mutations

You cannot be hasted, slowed, berserked, paralysed or teleported.
You can dig through walls and to a lower floor.
You have a pair of large antennae on your head. (SInv)
Your four strong arms can wield two-handed weapons with a shield.


Message History

The phantom is almost destroyed.
The phantom hits you.
* * * LOW HITPOINT WARNING * * *
Casting: Sting (safe; 3% risk of failure)
Confirm with . or Enter, or press ? or * to list all spells.
Aiming: Sting (safe; 3% risk of failure)
Press: ? - help, Shift-Dir - straight line, f/p - phantom
Aim: a phantom (almost destroyed, 64% to hit)
The sting hits the phantom.
The phantom partially resists.
The phantom is almost destroyed.
The phantom misses you.
Casting: Sting (safe; 3% risk of failure)
Confirm with . or Enter, or press ? or * to list all spells.
Aiming: Sting (safe; 3% risk of failure)
Press: ? - help, Shift-Dir - straight line, f/p - phantom
Aim: a phantom (almost destroyed, 64% to hit)
You miscast Sting.
You are very lightly contaminated with residual magic.
Nothing appears to happen.
The phantom barely misses you.
Casting: Sting (safe; 3% risk of failure)
Confirm with . or Enter, or press ? or * to list all spells.
Aiming: Sting (safe; 3% risk of failure)
Press: ? - help, Shift-Dir - straight line, f/p - phantom
Aim: a phantom (almost destroyed, 64% to hit)
The sting hits the phantom but does no damage.
The phantom is almost destroyed.
The phantom barely misses you.
Casting: Sting (safe; 3% risk of failure)
Confirm with . or Enter, or press ? or * to list all spells.
Aiming: Sting (safe; 3% risk of failure)
Press: ? - help, Shift-Dir - straight line, f/p - phantom
Aim: a phantom (almost destroyed, 64% to hit)
The sting hits the phantom but does no damage.
The phantom is almost destroyed.
The phantom hits you.
* * * LOW HITPOINT WARNING * * *
You hit the phantom but do no damage.
The phantom is almost destroyed.
The phantom hits you.
You die...

##..#..##...#........###
#.....##...##.......#####
#....###............#....
###.............##....##...
#.........#.....###...##.##
####.......#.#......##.......#
##.#.......###..............###
##.<.....##.###...###.........##
#..........###.@..>.#...........
###............W##..............
##.......#.......###.............
.#..#...##.....#####.#...........
...#######.....####....##........
....#####..............##.#......
.##....)...............##.#......
.###...................>#........
.#.##.##...............###.......


You could see a phantom.

Vanquished Creatures
  A scorpion (D:4)
  Jessica (D:3)
  2 iguanas
  Ijyb (D:3)
  6 adders
  A shadow imp (D:4)
  An ufetubus (D:4)
  A dart slug (D:3)
  A worm (D:2)
  2 orcs
  7 ball pythons
  5 endoplasms
  A giant cockroach (D:2)
  2 goblins
  5 hobgoblins
  5 jackals (D:1)
  A kobold (D:4)
  A quokka (D:1)
  9 bats
  4 frilled lizards
  4 rats
61 creatures vanquished.

Notes
Turn   | Place    | Note
-------+----------+-------------------------------------------
     0 | D:1      | Azuregosa the Formicid Venom Mage began the quest for the
                  | Orb.
     0 | D:1      | Reached XP level 1. HP: 13/13 MP: 3/3
   215 | D:1      | Reached XP level 2. HP: 18/19 MP: 2/5
   277 | D:1      | Found a faded altar of an unknown god.
   291 | D:1      | Prayed at the altar of an unknown god.
   291 | D:1      | Became a worshipper of Ignis, the Dying Flame
   791 | D:1      | Found Ona Vosm's Antique Weapon Shop.
   870 | D:2      | Reached XP level 3. HP: 14/24 MP: 3/7
   932 | D:2      | Learned a level 2 spell: Poisonous Vapours
   943 | D:2      | Learned a level 3 spell: Mephitic Cloud
  1111 | D:2      | Reached skill level 5 in Poison Magic
  1429 | D:2      | Reached XP level 4. HP: 6/30 MP: 2/8
  2041 | D:3      | Noticed Jessica
  2051 | D:3      | Killed Jessica
  2159 | D:3      | Reached XP level 5. HP: 35/35 MP: 3/10
  2172 | D:3      | Reached skill level 6 in Poison Magic
  2301 | D:3      | Noticed Ijyb
  2324 | D:3      | Killed Ijyb
  2495 | D:3      | Found an ornate altar of the Wu Jian Council.
  2617 | D:4      | Learned a level 4 spell: Olgreb's Toxic Radiance
  2888 | D:4      | Reached XP level 6. HP: 34/41 MP: 8/12
  3033 | D:4      | Found Achaom's General Store.
  3039 | D:4      | Bought a scroll of identify for 24 gold pieces
  3039 | D:4      | Bought a scroll of fear for 48 gold pieces
  3039 | D:4      | Bought a scroll of poison for 48 gold pieces
  3039 | D:4      | Bought a scroll of identify for 24 gold pieces
  3131 | D:4      | Bought a wand of roots (3) for 86 gold pieces
  3381 | D:5      | Entered Level 5 of the Dungeon
  3381 | D:5      | Noticed a +0 hand axe
  3381 | D:5      | Noticed a +0 hand axe
  3381 | D:5      | Found a hide-covered altar of Uskayaw.
  3390 | D:5      | Reached skill level 7 in Poison Magic
  3579 | D:4      | Slain by a phantom

Illustrated notes

Levels and vault maps discovered:
D:1:      dpeg_arrival_oval, layout_loops_ring, serial_shops,
          nicolae_shop_just_a_little_nook, ebering_ecumenical_altar_box
D:2:      layout_basic
D:3:      layout_rooms, general_overflow_altar, uniq_jessica, uniq_ijyb
D:4:      layout_cave_pools, serial_shops, shop, hangedman_decor_lopped,
          chequers_decorated_corner
D:5:      layout_rooms, grunt_temple_overflow_gold_and_silver,
          dancing_weapons_uskayaw, mainiacjoe_overflow_surrounded_room,
          fedhas_altar_1, minmay_temple_entry_statues_pillars, enter_ossuary_4,
          uniq_menkaure, uniq_sigmund

Skill      XL: |  1  2  3  4  5  6 |
---------------+-------------------+-----
Spellcasting   | 3 4 |  4.8
Poison Magic   | 5 6 7 |  7.0
Dodging        | |  1.7
Stealth        | |  2.4
Transmutations | |  1.1

Action                     |  1- 3 |  4- 6 || total
---------------------------+-------+-------++-------
  Melee: Unarmed           |    55 |       ||    55
         Rapier            |    14 |    77 ||    91
         Punch             |     1 |       ||     1
   Cast: Sting             |    44 |    60 ||   104
         Poisonous Vapours |     1 |     3 ||     4
         Mephitic Cloud    |       |     3 ||     3
 Invoke: Rising Flame      |       |     1 ||     1
Ability: Dig               |     1 |       ||     1
  Evoke: Wand              |       |     1 ||     1
    Use: Scroll            |       |     6 ||     6
         Potion            |       |     3 ||     3
   Stab: Confused          |       |     1 ||     1
 Armour: Robe              |    55 |    71 ||   126
  Dodge: Dodged            |    53 |    53 ||   106

Table legend: (Time is in decaauts)
 A = Elapsed time spent in this place.
 B = Non-inter-level travel time spent in this place.
 C = Inter-level travel time spent in this place.
 D = Time resting spent in this place.
 E = Time spent auto-exploring this place.
 F = Levels seen in this place.
 G = Mean time per level.
                   A        B        C        D        E       F      G
               +--------+--------+--------+--------+--------+-----+--------+
         Total |   3597 |   3567 |     30 |    424 |   2231 |   5 |  719.4 |
       Dungeon |   3597 |   3567 |     30 |    424 |   2231 |   5 |  719.4 |
               +--------+--------+--------+--------+--------+-----+--------+

Top non-repeatable levels by time:
     D:2: 1161 daAuts
     D:4: 952 daAuts
     D:1: 861 daAuts
     D:3: 590 daAuts
     D:5: 31 daAuts
